 Dungeon Crawl Stone Soup version 0.18-a0-1396-g8753ca6 (webtiles) character file.

387 dvd the Sneak (level 6, -2/37 HPs)
             Began as an Octopode Ice Elementalist on Feb 23, 2016.
             Slain by a killer bee zombie (4 damage)
             ... on level 5 of the Dungeon.
             The game lasted 00:16:16 (6085 turns).

dvd the Sneak (Octopode Ice Elementalist)           Turns: 6085, Time: 00:16:16

Health: -2/37      AC:  7    Str:  8    XL:     6   Next: 78%
Magic:  11/11      EV: 13    Int: 19    God:
Gold:   294        SH:  0    Dex: 14    Spells: 3 memorised, 4 levels left

rFire  + . .     SeeInvis .     j - -2 spear (curse)
rCold  . . .     Gourm    .     (no shield)
rNeg   . . .     Faith    .     (helmet restricted)
rPois  .         Spirit   .     k - amulet of dismissal
rElec  .         Dismiss  +     o - ring of protection from fire
rCorr  .         Reflect  .     u - +2 ring of dexterity
SustAt .         Harm     .     (no ring)
MR     .....                    (no ring)
Stlth  ++++......               (no ring)
                                (no ring)
                                (no ring)
                                (no ring)

@: icy armour, slow, not resistant to hostile enchantments, stealthy
A: almost no armour, amphibious, 8 rings, constrict 8, camouflage 1, gelatinous
body 1
a: no special abilities


You were on level 5 of the Dungeon.
You were not hungry.

You visited 1 branch of the dungeon, and saw 5 of its levels.

You collected 294 gold pieces.

Inventory:

Hand Weapons
 a - a +0 short sword
 i - a +2 mace of draining
 j - a cursed -2 spear (weapon)
 m - a +0 dagger of speed
 s - a cursed -1 short sword
Missiles
 f - 5 tomahawks (quivered)
Jewellery
 k - an amulet of dismissal (around mantle)
 o - a ring of protection from fire (left tentacle)
 u - a +2 ring of dexterity (right tentacle)
Wands
 l - a wand of digging (18/24)
Scrolls
 r - a scroll of teleportation
 t - a scroll of fear
 w - a scroll of amnesia
Potions
 e - 3 potions of magic
 h - 3 potions of curing {unknown}
 q - 3 potions of might {unknown}
 v - a potion of haste {unknown}
Books
 d - a book of Battle

   Spells                             Type                      Level
   a - Infusion                       Charms                       1
   b - Shroud of Golubria             Charms/Translocation         2
   c - Song of Slaying                Charms                       2
   d - Spectral Weapon                Hexes/Charms                 3
   e - Regeneration                   Charms/Necromancy            3
 g - a book of Frost

   Spells                             Type                      Level
   a - Freeze                         Ice                          1
   b - Throw Frost                    Conjuration/Ice              2
   c - Ozocubu's Armour               Charms/Ice                   3
   d - Throw Icicle                   Conjuration/Ice              4
   e - Summon Ice Beast               Ice/Summoning                4
Comestibles
 b - 3 bread rations
 c - 3 beef jerkies
 n - 3 fruits


   Skills:
 + Level 0.8 Fighting
 + Level 1.2 Polearms
 + Level 0.8 Throwing
 + Level 3.0 Dodging
 + Level 4.3 Stealth
 + Level 3.6 Spellcasting
 + Level 1.8 Conjurations
 + Level 1.6 Charms
 + Level 4.2 Ice Magic


You had 4 spell levels left.
You knew the following spells:

 Your Spells              Type           Power        Failure   Level  Hunger
a - Regeneration          Chrm/Necr      #.........   34%         3    ###....
b - Throw Frost           Conj/Ice       ###...       10%         2    ##.....
c - Ozocubu's Armour      Chrm/Ice       ##......     14%         3    ###....


Dungeon Overview and Level Annotations

Branches:
Dungeon (5/15)
 Temple: D:4-7

Altars:
Cheibriados
Fedhas
Kikubaaqudgha
Nemelex Xobeh
Okawaru


Innate Abilities, Weirdness & Mutations

You cannot wear most types of armour.
You are amphibious.
You can wear up to eight rings at the same time.
You can use your tentacles to constrict eight enemies at once.
Your skin changes colour to match your surroundings (Stealth).
Your rubbery body absorbs attacks (AC +1).


Message History

* * * LOW HITPOINT WARNING * * *
The killer bee zombie hits you but does no damage.
You barely miss the killer bee zombie. You constrict the killer bee zombie.
The killer bee zombie hits you.
* * * LOW HITPOINT WARNING * * *
The killer bee zombie hits you.
* * * LOW HITPOINT WARNING * * *
Unknown command.
Casting: Regeneration
Confirm with . or Enter, or press ? or * to list all spells.
A film of ice covers your body!
You constrict the killer bee zombie.
The killer bee zombie barely misses you.
You hit the killer bee zombie. You constrict the killer bee zombie.
The killer bee zombie barely misses you.
The killer bee zombie hits you!
* * * LOW HITPOINT WARNING * * *
Drink which item? (? for menu, Esc to quit)
It was a potion of magic.
Magic courses through your body.
You constrict the killer bee zombie. The killer bee zombie hits you.
You die...

######### #.......#
#.#####.#
#.#####.####### #######
#.##..........##.......
#.##.##.####...@Z....P.
#.##.##.# #>..##.##....
#.##.##.##.....#.# .
#.......###...##.#
####.#### #...# .#
###.# .P..# .. #...#
#Z.P.# ## #.### #....#
#.#


You could see a killer bee zombie.

Vanquished Creatures
  A scorpion (D:4)
  A centaur zombie (D:5)
  A giant frog skeleton (D:5)
  3 orc wizards
  An iguana (D:4)
  2 hound zombies (D:5)
  6 adders
  An ooze (D:3)
  2 worms (D:3)
  A dart slug (D:3)
  2 giant geckos
  11 orcs
  6 giant cockroaches
  2 hobgoblins (D:1)
  4 jackals
  A quokka (D:3)
  A ball python zombie (D:5)
  4 bats
  7 giant newts
  4 goblins
  8 kobolds
  5 rats
74 creatures vanquished.

Notes
Turn   | Place    | Note
--------------------------------------------------------------
     0 | D:1      | dvd the Octopode Ice Elementalist began the quest for the Orb.
     0 | D:1      | Reached XP level 1. HP: 11/11 MP: 3/3
   557 | D:1      | Reached XP level 2. HP: 12/17 MP: 1/5
   564 | D:1      | Learned a level 2 spell: Throw Frost
  1611 | D:2      | Reached XP level 3. HP: 21/21 MP: 1/6
  1625 | D:2      | Learned a level 3 spell: Ozocubu's Armour
  1659 | D:2      | Found an iron altar of Okawaru.
  2869 | D:3      | Reached XP level 4. HP: 21/27 MP: 0/7
  3800 | D:3      | Reached skill level 1 in Charms
  3834 | D:3      | Reached XP level 5. HP: 24/31 MP: 7/9
  3839 | D:3      | Found a sparkling altar of Nemelex Xobeh.
  4788 | D:4      | Found a sand-covered staircase.
  5180 | D:4      | Reached XP level 6. HP: 15/37 MP: 6/11
  5457 | D:4      | Learned a level 3 spell: Regeneration
  5748 | D:5      | Entered Level 5 of the Dungeon
  5759 | D:5      | Found a blossoming altar of Fedhas.
  5767 | D:5      | Found a snail-covered altar of Cheibriados.
  5773 | D:5      | Found an ancient bone altar of Kikubaaqudgha.
  5816 | D:5      | Reached skill level 1 in Polearms
  6085 | D:5      | Slain by a killer bee zombie

Vault maps used:
D:1:      tarquinn_simple_flora_water_d
D:2:      lemuel_doored_altar, kennysheep_crisscross
D:3:      first_bread, nemelex_dance_club_becter
D:4:      nicolae_ossuary_entry_false_entrances, st_stairs_9
D:5:      gammafunk_pakellas_spire_experiment, minitemple, serial_undead,
          serial_undead_f, serial_undead_b, serial_undead_e, serial_undead_c,
          serial_undead_c, serial_undead_b, portal_sewer_entry_f,
          nicolae_gozag_zags_fifth_avenue

Skill      XL: |  1  2  3  4  5  6 |
---------------+-------------------+-----
Stealth        | 3 4 |  4.3
Ice Magic      | 4 |  4.2
Charms         | 1 |  1.6
Spellcasting   | 3 |  3.6
Polearms       | 1 |  1.2
Dodging        | 3 |  3.0
Fighting       | |  0.8
Throwing       | |  0.8
Conjurations   | |  1.8

Action                   |  1- 3 |  4- 6 || total
-------------------------+-------+-------++-------
Melee: Unarmed           |    18 |       ||    18
       Mace              |    14 |       ||    14
       Spear             |     8 |   113 ||   121
Throw: Tomahawk          |     1 |    14 ||    15
 Cast: Freeze            |    21 |    23 ||    44
       Throw Frost       |     7 |    17 ||    24
       Ozocubu's Armour  |     1 |    15 ||    16
       Regeneration      |       |     2 ||     2
  Use: Scroll            |     1 |     6 ||     7
       Potion            |       |     1 ||     1
 Stab: Sleeping          |     6 |     4 ||    10
  Eat: Chunk             |     6 |    12 ||    18
       Pizza             |       |     1 ||     1
